 Dungeon Crawl Stone Soup version 0.17.0-22-g5edae84 (webtiles) character file.

2870 inmateoo the Grappler (level 9, -2/76 (78) HPs)
             Began as a Ghoul Monk on Nov 12, 2015.
             Was an Elder of Qazlal.
             Rotted away (potion of mutation)
             ... on level 7 of the Dungeon.
             The game lasted 00:10:44 (5837 turns).

inmateoo the Grappler (Ghoul Monk)                  Turns: 5837, Time: 00:10:45

HP:   -2/76 (78)    AC:  8    Str: 15    XL:     9   Next: 76%
MP:   12/12         EV: 14    Int:  7    God:    Qazlal [****..]
Gold: 34            SH: 10    Dex: 15    Spells: 0 memorised, 8 levels left

rFire  + + +     SeeInvis .       - Unarmed
rCold  + + .     Clarity  .     H - +2 leather armour "Ruurreduomn" {Dex+3}
rNeg   + + +     SustAt   +     G - +0 buckler
rPois  ∞         Gourm    .     F - +2 hat {MR+}
rElec  .         Spirit   .     (no cloak)
rCorr  .         Warding  .     (no gloves)
rMut   .         Stasis   .     K - +0 pair of boots
MR     +....                    o - amulet of regeneration
Stlth  +.........               g - ring of Gutwop {SustAt +Inv rF+++ rC+ Str-5}
                                (no ring)

@: mighty, rotting, repel missiles, somewhat resistant to hostile enchantments,
very unstealthy
A: rotting body, claws 1, carnivore 3, cold resistance 1, negative energy
resistance 3, slow regeneration 1, torment resistance, unbreathing
a: Upheaval, Elemental Force, Renounce Religion, Evoke Invisibility


You were on level 7 of the Dungeon.
You worshipped Qazlal.
Qazlal was greatly pleased with you.
You were not hungry.

You visited 1 branch of the dungeon, and saw 8 of its levels.

You collected 434 gold pieces.
You spent 400 gold pieces at shops.

Inventory:

Armour
 F - a +2 hat of magic resistance (worn)
 G - a +0 buckler (worn)
 H - the +2 leather armour "Ruurreduomn" (worn) {Dex+3}
   (You bought it in a shop on level 6 of the Dungeon)

   It affects your dexterity (+3).
 K - a +0 pair of boots (worn)
Jewellery
 g - the ring of Gutwop (right claw) {SustAt +Inv rF+++ rC+ Str-5}
   (You found it on level 6 of the Dungeon)

   [ring of sustain attributes]

   It sustains your strength, intelligence and dexterity.
   It affects your strength (-5).
   It renders you almost immune to fire.
   It protects you from cold.
   It lets you turn invisible.
 o - an amulet of regeneration (around neck)
 s - an uncursed ring of teleportation
 u - an uncursed ring of flight
Wands
 q - a wand of polymorph (1)
 z - a wand of paralysis (15)
 I - a wand of fireball (6)
Scrolls
 e - 10 scrolls of identify {unknown}
 i - a scroll of amnesia {unknown}
 j - 3 scrolls of enchant armour {unknown}
 k - 4 scrolls of teleportation {unknown}
 n - 2 scrolls of fog {unknown}
 x - a scroll of fear {unknown}
 y - a scroll of enchant weapon {unknown}
 A - a scroll of noise {unknown}
 E - a scroll of recharging {unknown}
Potions
 a - 2 potions of poison {unknown}
 c - 2 potions of lignification {unknown}
 d - 6 potions of might
 h - 2 potions of curing {unknown}
 p - a potion of heal wounds {unknown}
 r - 2 potions of brilliance {unknown}
 t - 4 potions of mutation
 w - 2 potions of ambrosia {unknown}
 C - a potion of flight {unknown}
 D - a potion of magic {unknown}
 J - a potion of agility {unknown}
Comestibles
 b - 3 meat rations
 f - 3 beef jerkies
 v - 2 slices of pizza
 B - 2 royal jellies


   Skills:
 + Level 6.6 Fighting
 + Level 2.2 Armour
 + Level 5.3 Dodging
 - Level 2.1 Stealth
 + Level 2.3 Shields
 * Level 9.5 Unarmed Combat
 * Level 5.9 Evocations


You had 8 spell levels left.
You didn't know any spells.

Dungeon Overview and Level Annotations

Branches:
Dungeon (8/15)             Temple (0/1) D:4
   Lair: D:8-11

Altars:
Dithmenos
Gozag
Okawaru
Qazlal
Trog
Yredelemnul
The Shining One

Shops:
D:2 *   D:6 [

Annotations:
D:8 Erolcha


Innate Abilities, Weirdness & Mutations

Your body is rotting away.
You thrive on raw meat.
You are immune to poison.
You have sharp fingernails.
You are carnivorous and can eat meat at any time.
Your flesh is cold resistant.
You are immune to negative energy.
You regenerate slowly when monsters are visible.
You are immune to unholy pain and torment.
You can survive without breathing.


Message History

* * * LOW HITPOINT WARNING * * *
Something shocks you.
* * * LOW HITPOINT WARNING * * *
Drink which item? (? for menu, Esc to quit)
It was a potion of might.
You feel very mighty all of a sudden. Something hits you but does no damage.
You miss something. Something hits you but does no damage.
You barely miss something. Something hits you but does no damage.
You closely miss something.
A sky beast appears from thin air!
Reactivating autopickup.
The sky beast barely misses you.
Drink which item? (? for menu, Esc to quit)
It was a potion of mutation.
You feel extremely strange.
Your body decomposes!
* * * LOW HITPOINT WARNING * * *
Your body decomposes!
You feel clumsy for a moment.
Your body decomposes!
You die...

##..#..........#..###.#
#....................#
#..§[...#.........####
#.#....#♣#...........#
#.#.#.###.....###.#.#.
#.#..<[.....<......###
#.###)######.####.#.#.
#.###Y# #.# #.##.#
#...#@# #.# #.##.#
###.#.# #.# #.....
#.#.# #.# #.##.# #.#.##
#.# #..... #.#..# #.#
#.#... #.##.# #.#
#.#.## #.##<# #.#
#.#.## #.##.# #.#
#(....
#.##.#####.######.##


You could see a sky beast.

Vanquished Creatures
  Sigmund (D:3)
  2 hippogriffs
  Menkaure (D:5)
  Edmund (D:6)
  2 orc warriors
  A sky beast (D:5)
  An ice beast (D:6)
  2 phantoms
  2 centaurs (D:6)
  3 ogres (D:7)
  A giant frog (D:6)
  A scorpion (D:8)
  3 wights (D:7)
  2 giant frog zombies (D:7)
  7 crimson imps
  3 hounds
  An orc wizard (D:7)
  An iguana (D:4)
  3 orc priests
  Ijyb (D:3)
  2 worker ants
  Natasha (thrice) (D:3)
  A hound zombie (D:5)
  Robin (D:2)
  11 adders
  5 gnolls
  A shadow imp (D:6)
  2 oozes
  An adder skeleton (D:7)
  2 adder zombies
  3 worms (D:3)
  4 giant geckos
  20 orcs
  4 ball pythons
  5 giant cockroaches
  21 goblins
  15 hobgoblins
  4 jackals
  14 kobolds
  4 quokkas
  6 bats
  A giant cockroach zombie (D:6)
  2 giant newts
  3 jackal skeletons
  A jackal zombie (D:5)
  6 rats
181 creatures vanquished.

Vanquished Creatures (others)
  A giant frog skeleton (D:8)
  2 orcs (D:8)
  2 jackals (D:8)
5 creatures vanquished.

Grand Total: 186 creatures vanquished

Notes
Turn   | Place    | Note
--------------------------------------------------------------
     0 | D:1      | inmateoo the Ghoul Monk began the quest for the Orb.
     0 | D:1      | Reached XP level 1. HP: 19/19 MP: 0/0
    34 | D:1      | Reached XP level 2. HP: 20/27 MP: 1/1
   320 | D:1      | Reached XP level 3. HP: 24/33 MP: 2/2
   553 | D:2      | Reached skill level 5 in Unarmed Combat
   971 | D:2      | Reached XP level 4. HP: 37/39 MP: 3/3
  1110 | D:2      | Found an opulent altar of Gozag.
  1225 | D:2      | Noticed Robin
  1264 | D:2      | Killed Robin
  1484 | D:2      | Found Gozag's Platinum Reserve.
  1594 | D:3      | Reached XP level 5. HP: 41/46 MP: 4/4
  1687 | D:3      | Noticed Ijyb
  1702 | D:3      | Killed Ijyb
  1702 | D:3      | Reached skill level 6 in Unarmed Combat
  1841 | D:3      | Noticed Sigmund
  1963 | D:4      | Noticed a phantom
  2040 | D:3      | Found a bloodstained altar of Trog.
  2040 | D:3      | Found a stormy altar of Qazlal.
  2043 | D:3      | Became a worshipper of Qazlal Stormbringer
  2043 | D:3      | Reached * piety under Qazlal
  2043 | D:3      | Reached ** piety under Qazlal
  2078 | D:3      | Killed Sigmund
  2078 | D:3      | Reached skill level 1 in Evocations
  2078 | D:3      | Reached XP level 6. HP: 30/55 MP: 4/6
  2106 | D:3      | Noticed Natasha
  2114 | D:3      | Killed Natasha
  2125 | D:3      | Noticed Natasha
  2135 | D:3      | Killed Natasha
  2281 | D:3      | Noticed Natasha
  2384 | D:3      | Killed Natasha
  2453 | D:4      | Killed a phantom
  2453 | D:4      | Reached skill level 5 in Fighting
  2453 | D:4      | Reached XP level 7. HP: 42/60 MP: 7/7
  2581 | D:4      | Found a staircase to the Ecumenical Temple.
  2703 | D:4      | Found a shadowy altar of Dithmenos.
  2805 | D:4      | Reached skill level 7 in Unarmed Combat
  3085 | D:5      | Entered Level 5 of the Dungeon
  3134 | D:5      | Noticed Menkaure
  3142 | D:5      | Killed Menkaure
  3530 | D:5      | Reached XP level 8. HP: 18/67 MP: 9/9
  3755 | D:6      | Found Ogakuf's Antique Armour Boutique.
  3763 | D:6      | Bought a slimy scale mail for 225 gold pieces
  3773 | D:6      | Identified the cursed +0 scale mail of Conscience {*Corrode rN+++ Regen+ Str+2} (You bought it in a shop on level 6 of the Dungeon)
  3798 | D:6      | Noticed Edmund
  3818 | D:6      | Killed Edmund
  3900 | D:6      | Found an iron altar of Okawaru.
  3924 | D:6      | Found a glowing golden altar of the Shining One.
  3958 | D:6      | Reached skill level 8 in Unarmed Combat
  4148 | D:6      | Got a scorched jade ring
  4162 | D:6      | Reached *** piety under Qazlal
  4718 | D:6      | Reached skill level 1 in Shields
  4809 | D:7      | Reached XP level 9. HP: 65/74 MP: 11/11
  4813 | D:7      | Reached skill level 1 in Armour
  4813 | D:7      | Reached skill level 5 in Evocations
  4856 | D:7      | Reached skill level 9 in Unarmed Combat
  4955 | D:7      | Reached skill level 5 in Dodging
  5266 | D:7      | Reached **** piety under Qazlal
  5739 | D:6      | Bought a steaming leather armour for 175 gold pieces
  5749 | D:6      | Identified the +2 leather armour "Ruurreduomn" {Dex+3} (You bought it in a shop on level 6 of the Dungeon)
  5750 | D:6      | Identified the ring of Gutwop {SustAt +Inv rF+++ rC+ Str-5} (You found it on level 6 of the Dungeon)
  5791 | D:8      | Found a basalt altar of Yredelemnul.
  5794 | D:8      | Noticed Erolcha
  5832 | D:7      | HP: 3/78 [something (5)]
  5837 | D:7      | HP: 1/78 [rotting (potion of mutation)]
  5837 | D:7      | Rotted away (potion of mutation)

Action                   |  1- 3 |  4- 6 |  7- 9 || total
-------------------------+-------+-------+-------++-------
Melee: Unarmed           |   108 |   159 |   408 ||   675
  Use: Scroll            |       |     2 |     2 ||     4
       Potion            |       |       |     1 ||     1
 Stab: Sleeping          |     2 |     2 |       ||     4
  Eat: Chunk             |     7 |    11 |    22 ||    40
